 Dungeon Crawl Stone Soup version 0.30-a0-4-ga7cffc901d (webtiles) character file.

Game seed: 13809501455553018927

492 xian the Sneak (level 6, -3/30 HPs)
             Began as a Spriggan Enchanter on Aug 21, 2022.
             Slain by Menkaure (22 damage)
             ... on level 4 of the Dungeon.
             The game lasted 00:10:55 (2632 turns).

xian the Sneak (Spriggan Enchanter)                 Turns: 2632, Time: 00:10:55

Health: -3/30      AC:  2    Str:  8    XL:     6   Next: 91%
Magic:  3/12       EV: 23    Int: 16    God:
Gold:   147        SH:  0    Dex: 18    Spells: 6/11 levels left

rFire   . . .      SeeInvis +    p - +7 dagger "Yredakke" {vorpal, rN+ Str+4}
rCold   . . .      Faith    .    (no shield)
rNeg    + . .      Spirit   .    b - +0 robe
rPois   .          Reflect  .    (helmet restricted)
rElec   .          Harm     .    (no cloak)
rCorr   .          Rampage  .    (gloves unavailable)
Will    +....                    (boots unavailable)
Stlth   ++++......               k - amulet of regeneration
HPRegen 0.90/turn                m - +4 ring of evasion
MPRegen 0.13/turn                (no ring)

@: very slightly contaminated, invisible, very quick
A: very small, no large weapons, unfitting armour, see invisible, speed 3
a: no special abilities


You were on level 4 of the Dungeon.
You visited 1 branch of the dungeon, and saw 4 of its levels.

You collected 147 gold pieces.

Inventory:

Hand Weapons
 p - the +7 dagger "Yredakke" (weapon) {vorpal, rN+ Str+4}
   (You found it on level 2 of the Dungeon)

   It inflicts extra damage upon your enemies.
   Str:       It affects your strength (+4).
   rN:        It protects you from negative energy.
Missiles
 i - a throwing net (quivered)
 s - 5 boomerangs
Armour
 b - a +0 robe (worn)
Jewellery
 k - an amulet of regeneration (around neck)
 m - a +4 ring of evasion (left hand)
 q - the amulet of Guleijis {Spirit rElec rPois Will+ Int-4}
   (You found it on level 3 of the Dungeon)

   [amulet of guardian spirit]

   It causes incoming damage to be divided between your reserves of health and
   magic.
   Int:       It affects your intelligence (-4).
   rElec:     It insulates you from electricity.
   rPois:     It protects you from poison.
   Will:      It increases your willpower.
Wands
 n - a wand of light (10)
Scrolls
 a - a scroll of fear {unknown}
 e - 3 scrolls of teleportation {unknown}
 f - 2 scrolls of poison {unknown}
 h - a scroll of vulnerability {unknown}
 j - 2 scrolls of enchant weapon {unknown}
 r - a scroll of magic mapping {unknown}
Potions
 c - 2 potions of invisibility
 d - a potion of mutation
 g - 3 potions of curing
 l - a potion of attraction
 o - a potion of ambrosia {unknown}


   Skills:
 + Level 1.3 Fighting
 + Level 4.3 Short Blades
 + Level 4.5 Dodging
 + Level 7.5 Stealth
 + Level 3.3 Spellcasting
 + Level 4.4 Hexes
 + Level 0.6 Ice Magic


You had 6 spell levels left.
You knew the following spells:

 Your Spells              Type           Power      Damage    Failure   Level
a - Ensorcelled Hibernat  Hex/Ice        20%        N/A       10%         2
b - Confusing Touch       Hex            16%        N/A       9%          3

Your spell library contained the following spells:

 Spells                   Type           Power      Damage    Failure   Level
 Tukima's Dance           Hex            16%        N/A       9%          3
 Foxfire                  Conj/Fire      8%         2x1d4     19%         1
 Dazzling Flash           Conj/Hex       18%        N/A       22%         3
 Inner Flame              Hex/Fire       9%         N/A       22%         3
 Conjure Flame            Conj/Fire      2%         6-21      47%         3
 Flame Wave               Conj/Fire      2%         2d4       87%         4


Dungeon Overview and Level Annotations

Branches:
Dungeon (4/15)
 Temple: D:4-7

Altars:
Hepliaklqana
Trog

Annotations:
D:4 Menkaure, Natasha


Innate Abilities, Weirdness & Mutations

You are very small and have problems with some larger weapons.
You are too small for most types of armour.
You have supernaturally acute eyesight. (SInv)
You cover ground extremely quickly. (Speed+++)


Message History

The white imp gestures at you. The puff of frost misses you.
The iron imp completely misses you.
You fade into invisibility!
Eustachio completely misses you. The iron imp closely misses you.
The iron imp hits you.
Found a sedimented brown potion.
Found a stone staircase leading up.
Eustachio completely misses you. The white imp gestures at you.
The puff of frost hits the iron imp.
The iron imp resists.
Eustachio brags, "I can call spirits from the vasty deep."
Eustachio completely misses you.
You strike the helpless Eustachio from behind!
You impale Eustachio!!
Eustachio is severely wounded.
You catch the helpless Eustachio completely off-guard!
You impale Eustachio!!
You kill Eustachio!
The iron imp disappears in a puff of smoke! x2
The white imp disappears in a puff of smoke!
Your Short Blades skill increases to level 4!
Unknown command.
Things that are here:
a +0 rapier; a +3 leather armour of poison resistance; the human corpse of Eustachio You see here a +0 whip.
Things that are here:
a +0 club; a goblin corpse Menkaure calls on the powers of darkness!
Your body is wracked with pain!
You see here 2 black potions.
Menkaure misses you.
Casting: Ensorcelled Hibernation (safe; 10% risk of failure)
Confirm with . or Enter, or press ? or * to list all spells.
You can't see any susceptible monsters within range! (Use Z to cast anyway.)
You hit Menkaure.
Menkaure is lightly damaged.
You hit Menkaure.
Menkaure is moderately damaged.
Menkaure hits you!!
Ouch! That really hurt!
You die...

#........ ...
#..)..... ...
#........ .>
###........ ...##
##).........
#....###.)####.....
#. ...#)## #.....
#M####.#.####<.....
#.@..#.............
####!...###.######.
#..?.......## #.
#######.##..# #.
#..##.# #. ##
##.###. #.....
#.#####. #.......


You could see Menkaure.

Vanquished Creatures
  Eustachio (D:4)
  An ogre (D:4)
  A scorpion (D:4)
  2 iguanas
  An orc wizard (D:4)
  3 gnolls (D:3)
  3 adders
  2 worms (D:2)
  A dart slug (D:4)
  7 orcs
  9 bats
  3 endoplasms (D:3)
  3 giant cockroaches
  6 goblins
  3 hobgoblins
  4 jackals
  5 ball pythons
  9 kobolds
  3 rats
67 creatures vanquished.

Notes
Turn   | Place    | Note
-------+----------+-------------------------------------------
     0 | D:1      | xian the Spriggan Enchanter began the quest for the Orb.
     0 | D:1      | Reached XP level 1. HP: 9/9 MP: 5/5
   216 | D:1      | Reached XP level 2. HP: 7/13 MP: 6/6
   571 | D:1      | Found a faded altar of an unknown god.
   761 | D:1      | Reached skill level 5 in Stealth
  1036 | D:2      | Reached XP level 3. HP: 6/16 MP: 8/8
  1461 | D:2      | Learned a level 2 spell: Ensorcelled Hibernation
  1463 | D:2      | Found a hazy altar of Hepliaklqana.
  1604 | D:2      | Identified the +7 dagger "Yredakke" {vorpal, rN+ Str+4}
  1706 | D:3      | Identified the amulet of Guleijis {Spirit rElec rPois Will+
                  | Int-4}
  1826 | D:3      | Reached XP level 4. HP: 21/21 MP: 9/9
  2083 | D:3      | Reached skill level 6 in Stealth
  2193 | D:3      | Reached XP level 5. HP: 24/25 MP: 10/10
  2366 | D:3      | Found a bloodstained altar of Trog.
  2440 | D:3      | Learned a level 3 spell: Confusing Touch
  2453 | D:4      | Noticed Natasha
  2489 | D:4      | Reached skill level 1 in Fighting
  2564 | D:4      | Noticed Menkaure
  2573 | D:4      | Noticed an ogre
  2582 | D:4      | Noticed Eustachio
  2585 | D:4      | Killed an ogre
  2586 | D:4      | Reached skill level 7 in Stealth
  2586 | D:4      | Reached XP level 6. HP: 18/30 MP: 5/11
  2612 | D:4      | Killed Eustachio
  2632 | D:4      | Slain by Menkaure

Illustrated notes

Levels and vault maps discovered:
D:1:      dpeg_arrival_stonehenge_8_columns, layout_basic,
          basic_ecumenical_altar
D:2:      layout_rooms, basic_altar
D:3:      layout_basic, trog_book, serial_forest, infiniplex_forest_lined_ring,
          infiniplex_forest_lined_2, infiniplex_forest_straight_2,
          infiniplex_forest_fountain, infiniplex_forest_clump_tiny,
          kennysheep_decorative_pillar
D:4:      layout_rooms, kennysheep_mini, general_overflow_altar,
          gammafunk_ghost_nasty_kobolds, uniq_natasha, uniq_eustachio,
          uniq_menkaure

Skill      XL: |  1  2  3  4  5  6 |
---------------+-------------------+-----
Dodging        | 3 4 |  4.5
Stealth        | 5 6 7 |  7.5
Hexes          | 4 |  4.4
Spellcasting   | 3 |  3.3
Short Blades   | 2 3 4 |  4.3
Fighting       | 1 |  1.3
Ice Magic      | |  0.6

Action                   |  1- 3 |  4- 6 || total
-------------------------+-------+-------++-------
Melee: Dagger            |   106 |    68 ||   174
 Cast: Ensorcelled Hiber |       |     7 ||     7
  Use: Scroll            |     4 |       ||     4
       Potion            |       |     1 ||     1
 Stab: Sleeping          |    10 |     5 ||    15
       Distracted        |     1 |     1 ||     2
       Invisible         |       |     2 ||     2
Armor: Robe              |     9 |     2 ||    11
Dodge: Dodged            |   100 |    48 ||   148

Table legend: (Time is in decaauts)
 A = Elapsed time spent in this place.
 B = Non-inter-level travel time spent in this place.
 C = Inter-level travel time spent in this place.
 D = Time resting spent in this place.
 E = Time spent auto-exploring this place.
 F = Levels seen in this place.
 G = Mean time per level.
                   A        B        C        D        E       F      G
               +--------+--------+--------+--------+--------+-----+--------+
         Total |   1994 |   1966 |     28 |     87 |   1308 |   4 |  498.5 |
       Dungeon |   1994 |   1966 |     28 |     87 |   1308 |   4 |  498.5 |
               +--------+--------+--------+--------+--------+-----+--------+

Top non-repeatable levels by time:
     D:2: 702 daAuts
     D:1: 668 daAuts
     D:3: 491 daAuts
     D:4: 132 daAuts
